 Dungeon Crawl Stone Soup version 0.18.1-5-g4a78601 (webtiles) character file.

41340 Gorice the Carver (level 14, -1/88 HPs)
             Began as a Tengu Gladiator on May 14, 2016.
             Was a High Priest of the Shining One.
             Slain by Azrael
             ... wielding a +2 scimitar of flaming
              (12 damage)
             ... on level 12 of the Dungeon.
             The game lasted 02:12:50 (26571 turns).

Gorice the Carver (Tengu Gladiator)                Turns: 26571, Time: 02:12:51

Health: -1/88      AC: 21    Str: 19    XL:     14   Next: 15%
Magic:  16/18      EV: 13    Int: 10    God:    the Shining One [*****.]
Gold:   318        SH: 13    Dex: 15    Spells: 0 memorised, 13 levels left

rFire  + . .     SeeInvis .     a - +2 great sword (freeze)
rCold  + . .     Gourm    .     H - +4 chain mail {rF+}
rNeg   + + +     Faith    .     (shield currently unavailable)
rPois  .         Spirit   .     c - +0 hat
rElec  .         Dismiss  .     e - +0 cloak
rCorr  .         Reflect  +     S - +2 pair of gloves
SustAt .         Harm     .     (boots unavailable)
MR     +....                    z - +5 amulet of reflection
Stlth  ..........               L - ring of protection from cold
                                B - ring of positive energy

@: divine shield, about to teleport, glowing, somewhat resistant to hostile
enchantments, extremely unstealthy
A: beak, talons 3, able to fly 2
a: Fly, Divine Shield, Cleansing Flame, Summon Divine Warrior, Renounce Religion


You were on level 12 of the Dungeon.
You worshipped the Shining One.
The Shining One was extremely pleased with you.
You were hungry.

You visited 4 branches of the dungeon, and saw 19 of its levels.
You also visited: Labyrinth.

You collected 1526 gold pieces.
You spent 1208 gold pieces at shops.

Inventory:

Hand Weapons
 a - a +2 great sword of freezing (weapon)
   (You took it off Urug on level 11 of the Dungeon)
 b - a +0 hunting sling
 w - a +3 scimitar of freezing
   (You took it off a wight on level 5 of the Dungeon)
Missiles
 g - 21 tomahawks
 l - 93 sling bullets
 G - 6 javelins of returning (quivered)
 Y - 2 throwing nets
 Z - 374 stones
Armour
 c - a +0 hat (worn)
 e - a +0 cloak (worn)
 m - a +0 plate armour
 H - a +4 chain mail of fire resistance (worn)
   (You took it off Maud on level 12 of the Dungeon)
 S - a +2 pair of gloves (worn)
Rods
 n - a -2 lightning rod (13/13) {!a}
   (You found it in a labyrinth)
Jewellery
 u - an uncursed ring of ice
 y - an uncursed ring of sustain attributes
 z - a +5 amulet of reflection (around neck)
 B - a ring of positive energy (left hand)
 D - an uncursed amulet of rage
 L - a ring of protection from cold (right hand)
Wands
 i - a wand of flame (28/48)
 k - a wand of polymorph (11/24)
 o - a wand of digging (9/24)
 r - a wand of flame (22/48)
 t - a wand of disintegration (4/24)
 C - a wand of flame (28/48)
 M - a wand of lightning (7/15)
 O - a wand of disintegration (10/24)
 Q - a wand of iceblast (9/15)
Scrolls
 q - 6 scrolls of remove curse
 v - a scroll of magic mapping {!r}
 x - a scroll of identify
 E - a scroll of holy word {!r}
 X - a scroll of silence {!r}
Potions
 d - a potion of brilliance {!q}
 j - 2 potions of magic {!q}
 p - 2 potions of lignification {!q}
 s - a potion of cancellation {!q}
 A - 2 potions of resistance {!q}
 F - 2 potions of curing
 W - a potion of agility {!q}
Miscellaneous
 V - a phial of floods
Comestibles
 f - 10 bread rations {!e}
 h - 55 fruits


   Skills:
 + Level 10.2 Fighting
 - Level 14.0 Long Blades
 - Level 10.0 Throwing
 * Level 13.0 Armour
 + Level 9.2 Dodging
 - Level 4.4 Invocations


You had 13 spell levels left.
You didn't know any spells.

Dungeon Overview and Level Annotations

Branches:
Dungeon (12/15)            Temple (1/1) D:6            Lair (4/8) D:10
 Shoals (0/4) Lair:3       Spider (0/4) Lair:4          Orc (2/2) D:10
    Elf (0/3) Orc:2

Altars:
Ashenzari
Cheibriados
Dithmenos
Elyvilon
Fedhas
Gozag
Kikubaaqudgha
Makhleb
Nemelex Xobeh
Okawaru
Pakellas
Qazlal
Ru
Sif Muna
Trog
Vehumet
Xom
Yredelemnul
Zin
The Shining One

Shops:
D:4 *?   Orc:2 [}!*

Annotations:
D:6 tyrsky's ghost, novice GrEE
D:12 Azrael
Lair:3 Rupert


Innate Abilities, Weirdness & Mutations

You have a beak for a mouth.
You have claws for feet.
You can fly continuously.


Message History

Your Throwing skill increases to level 10!
You see here an ugly thing corpse.
You see here a killer bee corpse.
Throwing (i - inventory. (,) - cycle):
G - 6 javelins of returning (quivered)
Press: ? - help, Shift-Dir - straight line, f - Azrael
Aim: Azrael, wielding a scimitar of flaming (hasn't noticed you)
You throw a javelin of returning. The javelin of returning hits Azrael!
Azrael is lightly wounded.
The javelin of returning returns to your pack!
You start resting.
A divine shield forms around you!
You feel slightly more hungry. Azrael gestures at you.
The fireball explodes!
The fireball engulfs you! You resist.
You hear a bellow!
Damage: 19 (max 19) Azrael gestures at you.
The damnation unfurls!
The damnation engulfs you!
* * * LOW HITPOINT WARNING * * *
You hear a bellow! x2
Damage: 23 (max 23) Unknown command.
Azrael gestures at you.
The fireball explodes!
The fireball engulfs you! You resist.
* * * LOW HITPOINT WARNING * * *
The fireball engulfs Azrael.
Azrael completely resists.
You hear an angry buzzing noise.
You hear a bellow!
You slice Azrael!! You freeze Azrael. You claw Azrael, but do no damage.
You peck Azrael, but do no damage.
Azrael is moderately wounded.
Azrael hits you with a scimitar of flaming!
* * * LOW HITPOINT WARNING * * *
Azrael burns you.
* * * LOW HITPOINT WARNING * * *
You barely miss Azrael. You claw Azrael, but do no damage.
Azrael is moderately wounded.
Damage: 25 (max 25)
You hit Azrael but do no damage. You claw Azrael, but do no damage.
Azrael is moderately wounded.
Azrael hits you with a scimitar of flaming.
* * * LOW HITPOINT WARNING * * *
Damage: 2 (max 25) Unknown command.
Read which item? (? for menu, Esc to quit)
Really read
I - a scroll of teleportation {!r}?
As you read the scroll of teleportation {!r}, it crumbles to dust.
You feel strangely unstable. The fire elemental hits you.
The fire elemental burns you! You resist.
* * * LOW HITPOINT WARNING * * *
Azrael hits you with a scimitar of flaming!
You die...

### ..# #.# ###.#
..#.# #.#.# # #.#.#
#.####.#.# #
#....@R§.#.## .
####..E.§§..# .
#.#.###§.# .##
#†#.# §....
..#############.#.#
.###
..##..........†.#.#
..
..##.############.#
.. .....####### #.#
##§ ........... #.#


You could see Azrael and a fire elemental.

Vanquished Creatures
  Gastronok (Lair:3)
  Maud (D:12)
  A stone giant (Orc:2)
  A minotaur (Lab)
  Josephine (Orc:2)
  Fannar (Lair:3)
  A centaur warrior (D:11)
  Urug (D:11)
  2 orc high priests
  Sonja (Lair:2)
  An ugly thing (D:12)
  2 cyclopes (D:11)
  6 orc sorcerers
  A centaur zombie (D:11)
  2 sirens (Lair:3)
  4 elephants
  2 black mambas
  9 spiny frogs
  4 komodo dragons
  2 merfolk (Lair:3)
  A polar bear (Lair:2)
  2 trolls (Orc:1)
  A two-headed ogre (D:10)
  3 jumping spiders (Lair:4)
  10 blink frogs (Lair:2)
  2 redbacks (Lair:4)
  4 wraiths
  13 yaks
  A spriggan (Lair:1)
  A vampire (D:9)
  A wyvern (Lair:4)
  A hog (D:8)
  A human (D:8)
  A fire elemental (D:12)
  2 basilisks
  3 hippogriffs
  Grum (D:10)
  4 hungry ghosts
  2 wargs
  2 hell hounds
  A soldier ant (D:10)
  3 water moccasins
  5 porcupines
  3 ice beasts
  2 black bears (D:8)
  3 sky beasts
  29 orc warriors
  17 ogres
  3 phantoms
  An eye of draining (D:8)
  5 wolves
  6 centaurs
  A big kobold (D:7)
  7 crocodiles
  11 giant frogs
  2 gnoll sergeants
  2 scorpions
  A water moccasin skeleton (D:10)
  9 killer bees
  2 electric eels
  15 wights
  A howler monkey (D:7)
  4 crimson imps
  4 giant frog zombies
  A giant frog skeleton (D:7)
  A jelly (D:10)
  2 hounds
  28 orc priests
  A gnoll shaman (D:5)
  2 centaur skeletons
  2 iguanas
  Jessica (D:2)
  Natasha (thrice) (D:3 D:2)
  34 orc wizards
  10 worker ants
  8 sheep
  2 worker ant zombies
  19 gnolls
  6 adders
  8 river rats
  A shadow imp (D:5)
  A white imp (D:4)
  2 oozes
  An adder zombie (D:5)
  3 adder skeletons
  4 worms
  2 dart slugs
  10 giant geckos
  90 orcs
  4 giant cockroaches
  12 goblins
  6 hobgoblins
  15 jackals
  16 kobolds
  4 quokkas
  5 ball pythons
  8 bats
  A giant gecko skeleton (D:9)
  8 giant newts
  10 rats
  A butterfly (D:6)
569 creatures vanquished.

Vanquished Creatures (others)
  7 fungi
  4 plants
11 creatures vanquished.

Grand Total: 580 creatures vanquished

Notes
Turn   | Place    | Note
--------------------------------------------------------------
     0 | D:1      | Gorice the Tengu Gladiator began the quest for the Orb.
     0 | D:1      | Reached XP level 1. HP: 12/12 MP: 2/2
    91 | D:1      | Reached XP level 2. HP: 12/18 MP: 3/3
   369 | D:1      | Reached skill level 4 in Long Blades
   433 | D:1      | Reached XP level 3. HP: 16/22 MP: 4/4
   836 | D:1      | Reached XP level 4. HP: 20/27 MP: 5/5
   979 | D:2      | Reached skill level 3 in Fighting
  1105 | D:2      | Reached skill level 5 in Long Blades
  1370 | D:2      | Noticed Jessica
  1394 | D:2      | Killed Jessica
  1394 | D:2      | Gained mutation: You can fly. [Tengu growth]
  1394 | D:2      | Reached XP level 5. HP: 32/32 MP: 6/6
  1411 | D:2      | Identified Jessica's Papyrus of the Oath
  2863 | D:3      | Reached skill level 6 in Long Blades
  2914 | D:3      | Noticed Natasha
  2922 | D:3      | Killed Natasha
  2922 | D:3      | Reached XP level 6. HP: 32/38 MP: 7/7
  2945 | D:3      | Noticed Natasha
  2957 | D:3      | Killed Natasha
  2998 | D:3      | Noticed an ice beast
  3016 | D:3      | Killed an ice beast
  3016 | D:3      | Reached skill level 4 in Fighting
  3094 | D:3      | Reached skill level 7 in Long Blades
  3371 | D:2      | Reached XP level 7. HP: 40/44 MP: 8/8
  3414 | D:3      | Noticed Natasha
  3437 | D:2      | Killed Natasha
  4139 | D:4      | Noticed a hungry ghost
  4178 | D:3      | Paralysed by fainting for 7 turns
  4200 | D:3      | Killed a hungry ghost
  4200 | D:3      | Reached skill level 5 in Fighting
  4200 | D:3      | Reached skill level 8 in Long Blades
  4548 | D:4      | Reached XP level 8. HP: 42/50 MP: 9/9
  4619 | D:4      | Found Beovaas's Magic Scroll Emporium.
  4705 | D:4      | Bought a scroll of blinking for 105 gold pieces
  4739 | D:4      | Found Hefih's Assorted Antiques.
  4765 | D:4      | Bought a fuming cyan potion for 24 gold pieces
  4765 | D:4      | Bought a fizzy yellow potion for 24 gold pieces
  5030 | D:4      | Found a white marble altar of Elyvilon.
  5096 | D:5      | Entered Level 5 of the Dungeon
  5148 | D:5      | Reached skill level 9 in Long Blades
  6054 | D:5      | HP: 12/51 [hippogriff (5)]
  6056 | D:5      | Reached skill level 6 in Fighting
  6566 | D:4      | Bought a fizzy white potion for 24 gold pieces
  6594 | D:5      | Reached skill level 1 in Armour
  6770 | D:5      | Reached skill level 10 in Long Blades
  6884 | D:6      | Reached skill level 2 in Armour
  7074 | D:6      | Reached XP level 9. HP: 51/55 MP: 10/10
  7310 | D:6      | Found an iron altar of Okawaru.
  7317 | D:6      | Noticed tyrsky's ghost (novice GrEE)
  7432 | D:6      | Reached skill level 3 in Armour
  7764 | D:6      | Found a staircase to the Ecumenical Temple.
  7774 | Temple   | Entered the Ecumenical Temple
  7874 | Temple   | Became a worshipper of the Shining One
  8022 | D:5      | Reached skill level 11 in Long Blades
  8355 | D:7      | Reached skill level 4 in Armour
  8625 | D:6      | HP: 10/55 [orc warrior/dire flail (11)]
  8640 | D:6      | HP: 11/55 [tyrsky's ghost/rocky blast (1)]
  9241 | D:7      | Reached skill level 12 in Long Blades
  9245 | D:7      | Reached * piety under the Shining One
  9245 | D:7      | Reached skill level 5 in Armour
  9525 | D:4      | Bought a large steel ring for 135 gold pieces
  9691 | D:8      | Reached XP level 10. HP: 40/60 MP: 11/11
 10122 | D:8      | Reached skill level 6 in Armour
 10269 | D:8      | Reached skill level 13 in Long Blades
 10845 | D:9      | Reached ** piety under the Shining One
 10939 | D:9      | Found a sacrificial altar of Ru.
 11187 | D:9      | Reached skill level 7 in Armour
 11610 | D:9      | Found an opulent altar of Gozag.
 11799 | D:10     | Entered Level 10 of the Dungeon
 11799 | D:10     | Found a staircase to the Lair.
 11888 | D:10     | Reached skill level 14 in Long Blades
 12106 | D:10     | Found an iron altar of Okawaru.
 12119 | D:9      | Reached skill level 4 in Dodging
 12362 | D:10     | Found a staircase to the Orcish Mines.
 12393 | D:10     | Reached skill level 8 in Armour
 12393 | D:10     | Reached XP level 11. HP: 64/64 MP: 12/12
 12407 | Lair:1   | Entered Level 1 of the Lair of Beasts
 12471 | Lair:1   | Reached skill level 5 in Dodging
 12491 | Lair:1   | Found a labyrinth entrance.
 12491 | Lair:1   | Reached *** piety under the Shining One
 12503 | Lab      | Entered a labyrinth
 12541 | Lab      | Noticed a minotaur
 12564 | Lab      | Killed a minotaur
 12580 | Lab      | Identified Sif Muna's Collected Works on the Voyage
 12661 | Lair:1   | Reached skill level 9 in Armour
 12666 | Lair:1   | Reached skill level 1 in Invocations
 12711 | Lair:1   | Reached skill level 6 in Dodging
 13710 | Lair:2   | Reached skill level 2 in Invocations
 14041 | Lair:2   | Reached skill level 3 in Invocations
 14047 | Lair:2   | Reached skill level 7 in Dodging
 14136 | Lair:2   | Reached skill level 10 in Armour
 14188 | Lair:2   | Noticed Sonja
 14351 | Lair:2   | HP: 12/64 [asphyx]
 14355 | Lair:2   | HP: 2/64 [disintegration (20)]
 14370 | Lair:2   | HP: 1/64 [disintegration (15)]
 14709 | Lair:2   | HP: 14/64 [polar bear (14)]
 14711 | Lair:2   | HP: 1/64 [polar bear (13)]
 14723 | Lair:2   | Reached skill level 4 in Invocations
 15136 | Lair:2   | Killed Sonja
 15136 | Lair:2   | Reached skill level 8 in Dodging
 15136 | Lair:2   | Reached XP level 12. HP: 70/70 MP: 16/16
 15519 | Lair:3   | Noticed Fannar
 16079 | Lair:2   | HP: 17/71 [elephant (7)]
 16087 | Lair:2   | HP: 16/71 [poisoned by a spiny frog]
 16095 | Lair:2   | HP: 16/71 [poisoned by a spiny frog]
 16376 | Lair:3   | Reached skill level 7 in Fighting
 16376 | Lair:3   | Reached skill level 11 in Armour
 16415 | Lair:3   | Killed Fannar
 16415 | Lair:3   | Reached skill level 9 in Dodging
 16419 | Lair:3   | Noticed a seven-headed hydra
 16439 | Lair:3   | Noticed Gastronok
 16441 | Lair:3   | Noticed Rupert
 16971 | Lair:3   | Found a staircase to the Shoals.
 17019 | Lair:3   | Reached skill level 3 in Throwing
 17200 | Lair:3   | Killed Gastronok
 17200 | Lair:3   | Reached skill level 8 in Fighting
 17200 | Lair:3   | Reached skill level 4 in Throwing
 17488 | Lair:3   | Paralysed by Rupert for 4 turns
 17492 | Lair:3   | HP: 19/73 [Rupert/great mace of venom (9)]
 17494 | Lair:3   | HP: 8/73 [poisoned by Rupert]
 17851 | Lair:4   | Reached skill level 5 in Throwing
 17870 | Lair:4   | HP: 22/74 [poisoned by a redback]
 18124 | Lair:4   | Found a hole to the Spider Nest.
 18196 | Lair:4   | Reached XP level 13. HP: 70/78 MP: 17/17
 18441 | Lair:4   | HP: 22/79 [eight-headed hydra (3)]
 18442 | Lair:4   | HP: 9/79 [eight-headed hydra (3)]
 18442 | Lair:4   | The Shining One protects you from harm!
 18442 | Lair:4   | HP: 1/79 [eight-headed hydra (4)]
 18849 | Orc:1    | Entered Level 1 of the Orcish Mines
 18894 | D:10     | HP: 23/79 [warg (3)]
 19407 | Orc:1    | Reached skill level 6 in Throwing
 19447 | Orc:1    | Reached skill level 12 in Armour
 19806 | Orc:2    | Entered Level 2 of the Orcish Mines
 19839 | Orc:2    | Reached **** piety under the Shining One
 20073 | Orc:2    | Noticed a stone giant
 20092 | Orc:2    | HP: 16/80 [stone giant (28)]
 20101 | Orc:2    | Killed a stone giant
 20101 | Orc:2    | Reached skill level 9 in Fighting
 20101 | Orc:2    | Reached skill level 7 in Throwing
 20576 | Orc:2    | Paralysed by an orc sorcerer for 6 turns
 21285 | Orc:1    | Paralysed by an orc sorcerer for 7 turns
 21600 | Orc:2    | Found a staircase to the Elven Halls.
 21914 | Orc:2    | Noticed Josephine
 21963 | Orc:2    | Killed Josephine
 21963 | Orc:2    | Reached skill level 8 in Throwing
 22508 | Orc:2    | HP: 20/80 [sixfirhy[an orc high priest] (9)]
 23940 | Orc:2    | Found Dinufar's Gadget Emporium.
 23940 | Orc:2    | Found Gingadaq's Antique Armour Emporium.
 23948 | Orc:2    | Found Nagukaw's Assorted Antiques.
 23948 | Orc:2    | Found Ipyjacwa's Distillery.
 23999 | Orc:2    | Bought a dazzling scale mail for 369 gold pieces
 23999 | Orc:2    | Bought a glowing silvery potion for 36 gold pieces
 23999 | Orc:2    | Bought a scroll labeled GUGOSERRE EBUL for 41 gold pieces
 23999 | Orc:2    | Bought an iron ring for 205 gold pieces
 24121 | D:10     | Identified the cursed +0 scale mail "Laigimm" {rElec rCorr Slay+2} (You bought it in a shop on level 2 of the Orcish Mines)
 24273 | D:4      | Bought a scroll of identify for 28 gold pieces
 24273 | D:4      | Bought a scroll of identify for 28 gold pieces
 24273 | D:4      | Bought a scroll of holy word for 105 gold pieces
 24273 | D:4      | Bought a scroll of teleportation for 42 gold pieces
 24273 | D:4      | Bought a scroll of teleportation for 42 gold pieces
 24439 | Lair:3   | Paralysed by Rupert for 7 turns
 24445 | Lair:3   | HP: 11/80 [Rupert/great mace of venom (21)]
 24446 | Lair:3   | The Shining One protects you from harm!
 24447 | Lair:3   | HP: 3/80 [poisoned by Rupert]
 24448 | Lair:3   | HP: 1/80 [poisoned by Rupert]
 24467 | Lair:3   | HP: 12/80 [black mamba (2)]
 24831 | D:11     | Noticed Grum
 24854 | D:10     | Killed Grum
 24923 | D:8      | Reached skill level 9 in Throwing
 25259 | D:11     | Noticed Urug
 25279 | D:11     | Killed Urug
 25618 | D:11     | Reached ***** piety under the Shining One
 25843 | D:11     | Reached skill level 10 in Fighting
 25843 | D:11     | Gained mutation: You can fly continuously. [Tengu growth]
 25843 | D:11     | Reached XP level 14. HP: 78/88 MP: 18/18
 26061 | D:12     | Noticed Azrael
 26243 | D:12     | Noticed Maud
 26259 | D:12     | Killed Maud
 26259 | D:12     | Reached skill level 13 in Armour
 26546 | D:12     | Reached skill level 10 in Throwing
 26568 | D:12     | HP: 16/88 [Azrael/scimitar of flaming (17)]
 26571 | D:12     | Slain by Azrael

Skill      XL: |  1  2  3  4  5  6  7  8  9 10 11 12 13 14 |
---------------+-------------------------------------------+-----
Long Blades    | 4 5 6 7 8 10 12 14 | 14.0
Fighting       | 3 4 5 6 8 10 | 10.2
Armour         | 2 5 8 10 11 12 13 | 13.0
Dodging        | 4 8 9 |  9.2
Invocations    | 4 |  4.4
Throwing       | 5 9 10 | 10.0

Action                   |  1- 3 |  4- 6 |  7- 9 | 10-12 | 13-15 || total
-------------------------+-------+-------+-------+-------+-------++-------
Melee: Long sword        |    75 |   173 |   289 |       |       ||   537
       Kick              |    19 |    43 |    91 |   177 |   178 ||   508
       Peck              |    15 |    28 |    56 |   118 |   142 ||   359
       Scimitar          |       |       |    73 |   585 |   500 ||  1158
       Great sword       |       |       |       |       |   118 ||   118
 Fire: Hunting sling     |       |    34 |    63 |       |       ||    97
       Blowgun           |       |     2 |    23 |       |       ||    25
Throw: Stone             |     8 |    15 |       |       |       ||    23
       Throwing net      |       |     1 |       |     3 |     1 ||     5
       Tomahawk          |       |       |    21 |    49 |       ||    70
       Javelin           |       |       |       |     4 |    22 ||    26
Invok: Divine Shield     |       |       |       |     5 |     8 ||    13
Evoke: Wand              |       |       |     4 |     8 |       ||    12
       Phial of floods   |       |       |       |     1 |       ||     1
  Use: Scroll            |       |     6 |    11 |    20 |     9 ||    46
       Potion            |       |       |     4 |     9 |     4 ||    17
 Stab: Held in net/web   |       |     1 |       |     3 |       ||     4
       Paralysed         |       |       |       |     1 |       ||     1
  Eat: Chunk             |       |     8 |    21 |    26 |    19 ||    74
       Fruit             |       |       |     3 |       |       ||     3
       Pizza             |       |       |     1 |       |     1 ||     2
       Royal jelly       |       |       |     1 |       |       ||     1
       Beef jerky        |       |       |     1 |       |       ||     1
       Meat ration       |       |       |       |     1 |       ||     1
       Bread ration      |       |       |       |       |     1 ||     1
Armor: Leather armour    |     6 |       |       |       |       ||     6
       Scale mail        |    28 |    84 |   122 |     3 |       ||   237
       Skin              |       |       |    28 |       |       ||    28
       Plate armour      |       |       |       |   221 |   326 ||   547
       Chain mail        |       |       |       |    20 |     5 ||    25
Dodge: Dodged            |    50 |   126 |   160 |   175 |   266 ||   777
Block: Other             |       |       |       |    15 |    30 ||    45

Table legend:
 A = Turns spent in this place as a percentage of turns spent in the entire game.
 B = Non-inter-level travel turns spent in this place as a percentage of non-inter-level travel turns spent in the entire game.
 C = Inter-level travel turns spent in this place as a percentage of turns spent in this place.
 D = Turns resting spent in this place as a percentage of non-inter-level travel turns spent in this place.
 E = Turns spent auto-exploring this place as a percentage of non-inter-level travel turns spent in this place.
 F = Non-inter-level travel turns spent in this place divided by the number of levels of this place that you've seen.
                   A       B       C       D       E      F
               +-------+-------+-------+-------+-------+----------------------
         Total | 100.0 | 100.0 |   0.6 |   3.5 |   3.4 | 484.6
       Dungeon |  52.8 |  52.7 |   0.8 |   2.9 |   4.6 | 425.8
        Temple |   0.5 |   0.5 |   0.0 |   0.0 |  35.4 |  48.0
          Lair |  23.4 |  23.4 |   0.7 |   3.8 |   2.6 | 567.8
  Orcish Mines |  22.1 |  22.2 |   0.3 |   4.8 |   0.8 | 1075.0
     Labyrinth |   1.2 |   1.2 |   0.0 |   0.0 |   0.0 | 113.0
               +-------+-------+-------+-------+-------+----------------------

Vault maps used:
D:1:      lightli_arrival_isolated_outpost, kennysheep_doodads
D:2:      kennysheep_jessica_study
D:3:      minmay_misc_feat_room, uniq_natasha
D:4:      elyvilon_altar_4, serial_shops, nicolae_shop_waterfront,
          nicolae_shop_waterfront, minmay_fire_ice_demons
D:5:      first_bread
D:6:      minmay_temple_entry_butterflies, basic_altar, kennysheep_dice
D:8:      grunt_livestock
D:9:      kennysheep_little_box, nicolae_ru_great_annihilating_truth
D:10:     okawaru_metal_pillars_3
D:11:     minivault_23, uniq_urug, uniq_grum
D:12:     uniq_maud, uniq_azrael
Temple:   grunt_circular_temple_18
Lair:1:   lab_entry_generic, minivault_26, serial_bayou_lagoon_a,
          grunt_forest_large_clearing_hut, lemuel_fruit_fields
Lair:2:   grunt_forest_large_clearings, uniq_sonja
Lair:3:   elwin_shoals_entry_stream, portal_ice_cave_entry_pillars_02,
          lemuel_fruit_tree, uniq_rupert, uniq_fannar, uniq_gastronok
Lair:4:   nicolae_spider_entry_tight_spaces, grunt_megastairs_5
Orc:1:    amalloy_card_club
Orc:2:    st_orc_mages, nicolae_orc_lava_room, uniq_josephine
Lab:      nicolae_lab_dead_adventurers
